 Dungeon Crawl Stone Soup version 0.28-a0-410-gbef64dd269 (webtiles) character file.

Game seed: 4025167587586568034

848 Gwenloh the Skirmisher (level 8, 0/59 HPs)
             Began as a Djinni Cinder Acolyte on Sept 6, 2021.
             Was a High Priest of Ignis.
             Slain by a vampire mosquito (7 damage)
             ... on level 5 of the Dungeon.
             The game lasted 00:17:51 (7027 turns).

Gwenloh the Skirmisher (Djinni Cinder Acolyte)      Turns: 7027, Time: 00:17:52

Health: 0/59       AC:  7    Str: 17    XL:     8   Next: 20%
Gold:   312        EV: 12    Int: 15    God:    Ignis [*****.] SH:  0 Dex: 12

rFire   + + +      SeeInvis .   a - -1 falchion (flame)
rCold   x . .      Faith    .   (no shield)
rNeg    . . .      Spirit   .   u - +0 leather armour
rPois   ∞          Reflect  .   k - +2 helmet "Aniodun" {Str+4}
rElec   .          Harm     .   (no cloak)
rCorr   .          Rampage  .   j - +0 pair of gloves
Will    .....                   (boots unavailable)
Stlth   +.........              (no amulet)
HPRegen 0.19/turn               (no ring)
MPRegen 0.00/turn               (no ring)

@: flying, very slightly contaminated
A: sickness immunity, fire resistance 2, cold vulnerability 1, float, innate
caster, hp casting, extra vitality 1
a: Renounce Religion, Sea of Fire, Foxfire Swarm, Rising Flame


You were on level 5 of the Dungeon.
You worshipped Ignis.
Ignis was extremely pleased with you.
You visited 1 branch of the dungeon, and saw 5 of its levels.

You collected 312 gold pieces.

Inventory:

Hand Weapons
 a - a -1 falchion of flaming (weapon)
Armour
 b - a +0 robe
 j - a +0 pair of gloves (worn)
 k - the +2 helmet "Aniodun" (worn) {Str+4}
   (You took it off Robin on level 2 of the Dungeon)

   Str:       It affects your strength (+4).
 u - a +0 leather armour (worn)
Wands
 n - a wand of paralysis (10)
Scrolls
 c - a scroll of vulnerability {unknown}
 d - 2 scrolls of amnesia {unknown}
 f - a scroll of noise {unknown}
 i - 3 scrolls of identify {unknown}
 l - 2 scrolls of enchant weapon {unknown}
 o - 2 scrolls of magic mapping {unknown}
 q - a scroll of silence {unknown}
 v - a scroll of holy word {unknown}
Potions
 e - 2 potions of curing {unknown}
 g - 2 potions of heal wounds {unknown}
 h - a potion of berserk rage {unknown}
 m - a potion of resistance {unknown}
 p - a potion of attraction {unknown}
 r - a potion of invisibility {unknown}
 s - a potion of mutation {unknown}
 t - a potion of flight {unknown}


   Skills:
 + Level 5.2 Fighting
 + Level 4.6 Long Blades
 + Level 3.2 Dodging
 * Level 4.7 Spellcasting


You had 8 spell levels left.
You knew the following spells:

 Your Spells              Type           Power      Damage    Failure   Level
a - Scorch                Fire           34%        2d6       4%          2
b - Sting                 Tmut/Pois      68%        1d6       3%          1
c - Passwall              Tmut/Erth      14%        N/A       4%          2
d - Call Canine Familiar  Summ           17%        N/A       9%          3
Your spell library was empty.

Dungeon Overview and Level Annotations

Branches:
Dungeon (5/15)             Temple (0/1) D:5

Altars:
Ashenzari
Gozag

Shops:
D:3 *((   D:5 *:(


Innate Abilities, Weirdness & Mutations

You are immune to sickness and miasma.
You are immune to poison.
Your flesh is very heat resistant. (rF++)
You are vulnerable to cold. (rC-)
You float through the air rather than walking.
You learn spells naturally, not from books.
Your magical power is your life essence.
You have superior vitality. (+4 HP)


Message History

You now have 312 gold pieces (gained 12).
Found a stone staircase leading up.
You reach down and open the door.
A vampire mosquito comes into view.
The vampire mosquito buzzes angrily.
A vampire mosquito comes into view.
Casting: Scorch (safe; 4% risk of failure)
Confirm with . or Enter, or press ? or * to list all spells.
Flames lash the vampire mosquito.
The vampire mosquito is lightly damaged.
The vampire mosquito's fire resistance burns away.
You barely miss the vampire mosquito. The vampire mosquito bites you.
You closely miss the vampire mosquito. The vampire mosquito bites you. x3
Casting: Scorch (safe; 4% risk of failure)
Confirm with . or Enter, or press ? or * to list all spells.
Flames lash the vampire mosquito.
The vampire mosquito is burned terribly!
The vampire mosquito is heavily damaged.
The vampire mosquito closely misses you. x2
The vampire mosquito bites you. The vampire mosquito bites you!
Casting: Scorch (safe; 4% risk of failure)
Confirm with . or Enter, or press ? or * to list all spells.
You miscast Scorch.
You are very lightly contaminated with residual magic.
Nothing appears to happen.
The vampire mosquito is no longer more vulnerable to fire.
The vampire mosquito bites you but does no damage.
The vampire mosquito bites you. x2
* * * LOW HITPOINT WARNING * * *
The vampire mosquito bites you.
* * * LOW HITPOINT WARNING * * *
Casting: Scorch (safe; 4% risk of failure)
Confirm with . or Enter, or press ? or * to list all spells.
Flames lash the vampire mosquito.
The vampire mosquito is moderately damaged.
The vampire mosquito's fire resistance burns away.
* * * LOW HITPOINT WARNING * * *
The vampire mosquito barely misses you. The vampire mosquito misses you.
The vampire mosquito bites you!
You die...

####### ##########.....#
........#.....# .......+.....#
..... #.....# ... #.....#
#########y####§....#
#.......y@§§≈§≈§########
#........§.§###§.......#
#........§§§#∩'........#
#..........≈###≈.......#
#<.........§≈§≈§.......#
#.............#........#
#.............#........#
#.............#........#
########.............###+##'####


You could see 2 vampire mosquitoes.

Vanquished Creatures
  A wyvern (D:5)
  A sky beast (D:5)
  A phantom (D:3)
  A scorpion (D:4)
  2 hounds (D:3)
  A centaur skeleton (D:4)
  2 orc priests (D:3)
  An iguana (D:5)
  An orc wizard (D:5)
  Robin (D:2)
  4 gnolls
  6 adders
  3 worms
  4 dart slugs
  4 orcs
  6 bats
  10 endoplasms
  6 giant cockroaches
  19 goblins
  4 hobgoblins
  5 jackals
  3 quokkas
  5 ball pythons
  6 frilled lizards
  13 kobolds
  4 rats
114 creatures vanquished.

Vanquished Creatures (collateral kills)
  A jelly (D:4)
  3 orcs (D:5)
  A giant cockroach (D:4)
  A kobold (D:4)
6 creatures vanquished.

Grand Total: 120 creatures vanquished

Notes
Turn   | Place    | Note
-------+----------+-------------------------------------------
     0 | D:1      | Gwenloh the Djinni Cinder Acolyte began the quest for the
                  | Orb.
     0 | D:1      | Reached XP level 1. HP: 20/20 MP: 0/0
   128 | D:1      | Reached XP level 2. HP: 25/25 MP: 0/0
   466 | D:1      | Reached XP level 3. HP: 27/30 MP: 0/0
   466 | D:1      | Learned a level 1 spell: Sting
  1010 | D:1      | Found a faded altar of an unknown god.
  1469 | D:2      | Found a broken altar of Ashenzari.
  1502 | D:2      | HP: 1/30 [quokka (4)]
  1853 | D:2      | Reached XP level 4. HP: 23/35 MP: 0/0
  2688 | D:2      | Identified the +2 helmet "Aniodun" {Str+4}
  2688 | D:2      | Noticed Robin
  2917 | D:2      | Killed Robin
  3146 | D:2      | Reached XP level 5. HP: 40/41 MP: 0/0
  3146 | D:2      | Learned a level 2 spell: Passwall
  3602 | D:2      | Reached skill level 4 in Fighting
  4194 | D:3      | Noticed a phantom
  4210 | D:3      | Killed a phantom
  4211 | D:3      | Reached skill level 1 in Dodging
  4211 | D:3      | Reached XP level 6. HP: 17/47 MP: 0/0
  4462 | D:3      | Found Eczuy's Weapon Shoppe.
  4777 | D:3      | Found Veareg's Weapon Shop.
  4892 | D:3      | Found Tirol's General Store.
  5337 | D:3      | Reached XP level 7. HP: 34/53 MP: 0/0
  5337 | D:3      | Learned a level 3 spell: Call Canine Familiar
  5678 | D:4      | Found an opulent altar of Gozag.
  6454 | D:5      | Entered Level 5 of the Dungeon
  6458 | D:5      | Found Zolopt's Assorted Antiques.
  6524 | D:5      | Found Behyenke's Book Boutique.
  6526 | D:5      | Found a staircase to the Ecumenical Temple.
  6543 | D:5      | Noticed a wyvern
  6550 | D:5      | Killed a wyvern
  6551 | D:5      | Reached skill level 5 in Fighting
  6551 | D:5      | Reached XP level 8. HP: 16/59 MP: 0/0
  6999 | D:5      | Found Efaon's Weapon Shoppe.
  7027 | D:5      | Slain by a vampire mosquito

Illustrated notes

Levels and vault maps discovered:
D:1:      sevenhm_arrival_forest_fort_large_4, layout_basic,
          shapermc_ecumenical_altar_hornbeckon
D:2:      layout_basic, basic_altar, st_stairs_14, uniq_robin
D:3:      layout_loops_corners, serial_shops,
          nicolae_shop_competitors_out_of_business, nicolae_shop_waterfront,
          shop, minmay_divided_ellipse
D:4:      layout_basic, grunt_gozag_breadcrumbs, nrook_uturn, kennysheep_donut
D:5:      layout_gridville, minmay_temple_entry_from_below_b, serial_shops,
          shop, nicolae_stop_n_shop_2, nicolae_shop_stone, nicolae_diamond_shop,
          kennysheep_mini_moat, minmay_misc_feat_rows

Skill      XL: |  1  2  3  4  5  6  7  8 |
---------------+-------------------------+-----
Long Blades    | 3 4 |  4.6
Spellcasting   | 3 4 |  4.7
Fighting       | 4 5 |  5.2
Dodging        | 1 2 3 |  3.2

Action                   |  1- 3 |  4- 6 |  7- 9 || total
-------------------------+-------+-------+-------++-------
Melee: Falchion          |    30 |    50 |    33 ||   113
 Cast: Scorch            |    24 |    60 |    20 ||   104
       Sting             |     3 |    22 |    10 ||    35
       Call Canine Famil |       |       |     3 ||     3
Armor: Robe              |     8 |    25 |     4 ||    37
       Leather armour    |       |       |     5 ||     5
Dodge: Dodged            |    26 |    42 |    22 ||    90

Table legend: (Time is in decaauts)
 A = Elapsed time spent in this place.
 B = Non-inter-level travel time spent in this place.
 C = Inter-level travel time spent in this place.
 D = Time resting spent in this place.
 E = Time spent auto-exploring this place.
 F = Levels seen in this place.
 G = Mean time per level.
                   A        B        C        D        E       F      G
               +--------+--------+--------+--------+--------+-----+--------+
         Total |   7043 |   6886 |    157 |    468 |   5620 |   5 | 1408.6 |
       Dungeon |   7043 |   6886 |    157 |    468 |   5620 |   5 | 1408.6 |
               +--------+--------+--------+--------+--------+-----+--------+

Top non-repeatable levels by time:
     D:1: 2329 daAuts
     D:3: 1872 daAuts
     D:2: 1435 daAuts
     D:4: 833 daAuts
     D:5: 573 daAuts
